ITL
DETROIT X-WINGS @ LOUISVILLE BATS
08/11/2030
 
TOP OF THE 1ST
Detroit X-Wings batting - Pitching for Louisville Bats : LHP Ron Huggins
Pitching: LHP Ron Huggins
Batting: SHB Jason Mason 0-0: Ball
1-0: Ball
2-0: Called Strike
2-1: Foul Ball, location: 2F
2-2: Ground out 4-3 (Groundball, 4)
Batting: RHB José Pérez 0-0: Called Strike
0-1: Fly out, F9 (Flyball, 9S)
Batting: SHB Javier Jiménez 0-0: Called Strike
0-1: SINGLE (Groundball, 4) (infield hit)
Batting: SHB Barrett Bowden 0-0: Ball
1-0: Ground out 6-3 (Groundball, 6)
Top of the 1st over - 0 runs, 1 hit, 0 errors, 1 left on base; Detroit 0 - Louisville 0
BOTTOM OF THE 1ST
Louisville Bats batting - Pitching for Detroit X-Wings : RHP Pat Monroe
Pitching: RHP Pat Monroe
Batting: RHB Shawn Marshall 0-0: Ball
1-0: Swinging Strike
1-1: Ball
2-1: Ground out 5-3 (Groundball, 56)
Batting: RHB Zhong Shui 0-0: Ball
1-0: Called Strike
1-1: Ball
2-1: Foul Ball, location: 2F
2-2: Foul Ball, location: 2F
2-2: Ground out 5-3 (Groundball, 56)
Batting: LHB George Smith 0-0: Reaches on Catchers interference
Batting: SHB Ryan Roberts 0-0: Foul Ball, location: 2F
0-1: Ball
1-1: Fly out, F8 (Line Drive, 8LM)
Bottom of the 1st over - 0 runs, 0 hits, 1 error, 1 left on base; Detroit 0 - Louisville 0
TOP OF THE 2ND
Detroit X-Wings batting - Pitching for Louisville Bats : LHP Ron Huggins
Batting: LHB Juan Jose Pineda 0-0: Ball
1-0: Swinging Strike
1-1: SINGLE (Groundball, 34D)
Batting: SHB Brian Price 0-0: Called Strike
0-1: Ball
1-1: Fly out, F7 (Flyball, 7S)
Batting: RHB Brad Ravenshaw 0-0: Ball
1-0: Foul Ball, location: 2F
1-1: Swinging Strike
1-2: Ball
2-2: Strikes out looking
Batting: SHB Felipe Detorres 0-0: Fly out, F6 (Line Drive, 6M)
Top of the 2nd over - 0 runs, 1 hit, 0 errors, 1 left on base; Detroit 0 - Louisville 0
BOTTOM OF THE 2ND
Louisville Bats batting - Pitching for Detroit X-Wings : RHP Pat Monroe
Batting: LHB Eduardo Gómez 0-0: Called Strike
0-1: Called Strike
0-2: Strikes out swinging
Batting: RHB Roberto Zamora 0-0: SINGLE (Line Drive, 6M)
Batting: LHB John Horton 0-0: Called Strike
Passed Ball!
Roberto Zamora to second
0-1: Foul Ball, location: 2F
0-2: Ball
1-2: DOUBLE (Line Drive, 9LS)
Roberto Zamora scores
Batting: RHB Júlio Sánchez 0-0: Ball
1-0: Fly out, F8 (Line Drive, 78D)
Batting: SHB Martín Medina 0-0: Ball
1-0: Ball
2-0: SINGLE (Line Drive, 4D)
John Horton to third
Runner from 3rd tries for Home, SAFE, throw made home
Batting: RHB Shawn Marshall 0-0: Ball
Martín Medina steals 2nd base
1-0: Ball
2-0: Ball
3-0: Base on Balls
Batting: RHB Zhong Shui 0-0: Called Strike
0-1: Foul Ball, location: 2F
0-2: Ball
1-2: Ball
2-2: Ground out 1-3 (Groundball, P)
Bottom of the 2nd over - 2 runs, 3 hits, 0 errors, 2 left on base; Detroit 0 - Louisville 2
TOP OF THE 3RD
Detroit X-Wings batting - Pitching for Louisville Bats : LHP Ron Huggins
Batting: RHB Daniel Riddle 0-0: Called Strike
0-1: Ball
1-1: Ground out 6-3 (Groundball, 6MD)
Batting: SHB Jason Mason 0-0: Ball
1-0: Ball
2-0: Ground out U3 (Groundball, 3)
Batting: RHB José Pérez 0-0: Ball
1-0: Called Strike
1-1: Swinging Strike
1-2: Foul Ball, location: 2F
1-2: Ball
2-2: Foul Ball, location: 2F
2-2: Strikes out swinging
Top of the 3rd over - 0 runs, 0 hits, 0 errors, 0 left on base; Detroit 0 - Louisville 2
BOTTOM OF THE 3RD
Louisville Bats batting - Pitching for Detroit X-Wings : RHP Pat Monroe
Batting: LHB George Smith 0-0: Ball
1-0: Ball
2-0: Ball
3-0: Called Strike
3-1: Foul Ball, location: 2F
3-2: SINGLE (Flyball, 9LM)
Batting: SHB Ryan Roberts 0-0: Swinging Strike
0-1: Ball
1-1: Swinging Strike
1-2: Foul Ball, location: 2F
1-2: Fly out, F8 (Flyball, 8LXD)
Batting: LHB Eduardo Gómez 0-0: Ball
1-0: Swinging Strike
1-1: Called Strike
1-2: Ball
2-2: DOUBLE (Line Drive, 89D)
George Smith to third
Batting: RHB Roberto Zamora 0-0: Ball
1-0: Called Strike
1-1: Ball
2-1: Ball
3-1: Foul Ball, location: 2F
3-2: Base on Balls
Batting: LHB John Horton 0-0: Called Strike
0-1: Ball
1-1: Ball
2-1: Foul Ball, location: 2F
2-2: Ball
3-2: Base on Balls
George Smith scores
Eduardo Gómez to third
Roberto Zamora to second
Batting: RHB Júlio Sánchez 0-0: Reached on error, E5 (Groundball, 56)
Eduardo Gómez scores
Roberto Zamora to third
John Horton to second
Batting: SHB Martín Medina 0-0: Swinging Strike
0-1: Foul Ball, location: 2F
0-2: Foul Ball, location: 2F
0-2: Ball
1-2: Foul Ball, location: 2F
1-2: Strikes out looking
Batting: RHB Shawn Marshall 0-0: Ball
1-0: SINGLE (Line Drive, 89S)
Roberto Zamora scores
John Horton to third
Júlio Sánchez to second
Batting: RHB Zhong Shui 0-0: Ball
1-0: Called Strike
1-1: Ball
2-1: Ball
3-1: Called Strike
3-2: Fly out, F9 (Flyball, 9LS)
Bottom of the 3rd over - 3 runs, 3 hits, 1 error, 3 left on base; Detroit 0 - Louisville 5
TOP OF THE 4TH
Detroit X-Wings batting - Pitching for Louisville Bats : LHP Ron Huggins
Batting: SHB Javier Jiménez 0-0: Ball
1-0: Fly out, F9 (Flyball, 89D)
Batting: SHB Barrett Bowden 0-0: Called Strike
0-1: Ball
1-1: Ball
2-1: Ball
3-1: Foul Ball, location: 2F
3-2: Foul Ball, location: 2F
3-2: Foul Ball, location: 2F
3-2: Foul Ball, location: 2F
3-2: Foul Ball, location: 2F
3-2: Foul Ball, location: 2F
3-2: Strikes out swinging
Batting: LHB Juan Jose Pineda 0-0: Fly out, F8 (Flyball, 89D)
Top of the 4th over - 0 runs, 0 hits, 0 errors, 0 left on base; Detroit 0 - Louisville 5
BOTTOM OF THE 4TH
Louisville Bats batting - Pitching for Detroit X-Wings : RHP Pat Monroe
Batting: LHB George Smith 0-0: Ball
1-0: Ball
2-0: Called Strike
2-1: Called Strike
2-2: Fly out, F7 (Flyball, 7)
Batting: SHB Ryan Roberts 0-0: Called Strike
0-1: SINGLE (Line Drive, 78S)
Pitching: RHP Travis Whitney
Batting: LHB Eduardo Gómez 0-0: Ball
1-0: Foul Ball, location: 2F
1-1: Ball
2-1: Fly out, F4 (Line Drive, 4M)
Batting: RHB Roberto Zamora 0-0: Ball
1-0: Foul Ball, location: 2F
1-1: DOUBLE (Flyball, 8LXD)
Ryan Roberts to third
Batting: LHB John Horton 0-0: Ball
1-0: Ball
2-0: DOUBLE (Line Drive, 9LS)
Ryan Roberts scores
Roberto Zamora scores
Batting: RHB Júlio Sánchez 0-0: Called Strike
0-1: Ball
1-1: Ball
2-1: Called Strike
2-2: Ball
3-2: Base on Balls
Batting: SHB Martín Medina 0-0: Foul Ball, location: 2F
0-1: Swinging Strike
0-2: 3-RUN HOME RUN (Flyball, 89XD), Distance : 425 ft
Batting: RHB Shawn Marshall 0-0: Swinging Strike
0-1: Ball
1-1: Ball
2-1: Foul Ball, location: 2F
2-2: Foul Ball, location: 2F
2-2: Foul Ball, location: 2F
2-2: Foul Ball, location: 2F
2-2: Strikes out swinging
Bottom of the 4th over - 5 runs, 4 hits, 0 errors, 0 left on base; Detroit 0 - Louisville 10
TOP OF THE 5TH
Detroit X-Wings batting - Pitching for Louisville Bats : LHP Ron Huggins
Batting: SHB Brian Price 0-0: Ball
1-0: Ball
2-0: Foul Ball, location: 2F
2-1: Swinging Strike
2-2: Strikes out swinging
Batting: RHB Brad Ravenshaw 0-0: Ball
1-0: Ball
2-0: Called Strike
2-1: Ball
3-1: Base on Balls
Batting: SHB Felipe Detorres 0-0: SINGLE (Groundball, 56D)
Brad Ravenshaw to second
Batting: RHB Daniel Riddle 0-0: Grounds into double play, 4-6-3 (Groundball, 4)
Top of the 5th over - 0 runs, 1 hit, 0 errors, 1 left on base; Detroit 0 - Louisville 10
BOTTOM OF THE 5TH
Louisville Bats batting - Pitching for Detroit X-Wings : RHP Travis Whitney
Batting: RHB Zhong Shui 0-0: Called Strike
0-1: Ball
1-1: Ball
2-1: Called Strike
2-2: Foul Ball, location: 2F
2-2: Strikes out swinging
Batting: LHB George Smith 0-0: Ball
1-0: Foul Ball, location: 2F
1-1: Swinging Strike
1-2: Strikes out swinging
Batting: SHB Ryan Roberts 0-0: Called Strike
0-1: Swinging Strike
0-2: Strikes out swinging
Bottom of the 5th over - 0 runs, 0 hits, 0 errors, 0 left on base; Detroit 0 - Louisville 10
TOP OF THE 6TH
Detroit X-Wings batting - Pitching for Louisville Bats : LHP Ron Huggins
Batting: SHB Jason Mason 0-0: Fly out, F6 (Line Drive, 6)
Batting: RHB José Pérez 0-0: Called Strike
0-1: Foul Ball, location: 2F
0-2: Ball
1-2: Strikes out swinging
Batting: SHB Javier Jiménez 0-0: Fly out, F9 (Flyball, 9D)
Top of the 6th over - 0 runs, 0 hits, 0 errors, 0 left on base; Detroit 0 - Louisville 10
BOTTOM OF THE 6TH
Louisville Bats batting - Pitching for Detroit X-Wings : RHP Travis Whitney
Batting: LHB Eduardo Gómez 0-0: Called Strike
0-1: Swinging Strike
0-2: Strikes out swinging
Batting: RHB Roberto Zamora 0-0: Ball
1-0: Called Strike
1-1: Ground out 5-3 (Groundball, 5)
Batting: LHB John Horton 0-0: Called Strike
0-1: Foul Ball, location: 2F
0-2: Ball
1-2: Ball
2-2: Foul Ball, location: 2F
2-2: Foul Ball, location: 2F
2-2: Foul Ball, location: 2F
2-2: SINGLE (Flyball, 7LS)
Batting: RHB Júlio Sánchez 0-0: Called Strike
0-1: Fly out, F8 (Flyball, 8RS)
Bottom of the 6th over - 0 runs, 1 hit, 0 errors, 1 left on base; Detroit 0 - Louisville 10
TOP OF THE 7TH
Detroit X-Wings batting - Pitching for Louisville Bats : LHP Ron Huggins
Batting: SHB Barrett Bowden 0-0: Ball
1-0: Called Strike
1-1: Ball
2-1: Swinging Strike
2-2: Foul Ball, location: 2F
2-2: Foul Ball, location: 2F
2-2: Ball
3-2: Foul Ball, location: 2F
3-2: Fly out, F7 (Flyball, 7S)
Batting: LHB Juan Jose Pineda 0-0: Swinging Strike
0-1: Ball
1-1: Ball
2-1: Ball
3-1: Foul Ball, location: 2F
3-2: Strikes out looking
Batting: SHB Brian Price 0-0: Ground out 6-3 (Groundball, 6)
Top of the 7th over - 0 runs, 0 hits, 0 errors, 0 left on base; Detroit 0 - Louisville 10
BOTTOM OF THE 7TH
Louisville Bats batting - Pitching for Detroit X-Wings : RHP Travis Whitney
Pinch Hitting: RHB Danny Campbell 0-0: Ground out 6-3 (Groundball, 6)
Batting: RHB Shawn Marshall 0-0: Fly out, F9 (Flyball, 9LD)
Batting: RHB Zhong Shui 0-0: Called Strike
0-1: Called Strike
0-2: Foul Ball, location: 2F
0-2: Fly out, F8 (Flyball, 8LXD)
Bottom of the 7th over - 0 runs, 0 hits, 0 errors, 0 left on base; Detroit 0 - Louisville 10
TOP OF THE 8TH
Detroit X-Wings batting - Pitching for Louisville Bats : LHP Ron Huggins
Now at 1B: Juan García
Now in LF: Ralph Cobb
Batting: RHB Brad Ravenshaw 0-0: Fly out, F8 (Flyball, 8LXD)
Batting: SHB Felipe Detorres 0-0: Ground out 4-3 (Groundball, 4)
Batting: RHB Daniel Riddle 0-0: Ball
1-0: Ball
2-0: Ball
3-0: Called Strike
3-1: Called Strike
3-2: Foul Ball, location: 2F
3-2: Base on Balls
Batting: SHB Jason Mason 0-0: Ground out 5-3 (Groundball, 5D)
Top of the 8th over - 0 runs, 0 hits, 0 errors, 1 left on base; Detroit 0 - Louisville 10
BOTTOM OF THE 8TH
Louisville Bats batting - Pitching for Detroit X-Wings : RHP Travis Whitney
Pitching: LHP Clarence Skerratt
Batting: LHB George Smith 0-0: Foul Ball, location: 2F
0-1: Ball
1-1: Ball
2-1: SINGLE (Groundball, 6D)
Batting: SHB Ryan Roberts 0-0: DOUBLE (Flyball, 8LXD)
George Smith to third
Batting: LHB Eduardo Gómez 0-0: SINGLE (Flyball, 78S)
George Smith scores
Ryan Roberts to third
Runner from 3rd tries for Home, SAFE, no throw
Batting: RHB Roberto Zamora 0-0: Ball
1-0: Ball
2-0: Ball
3-0: Base on Balls
Eduardo Gómez to second
Batting: LHB John Horton 0-0: Called Strike
0-1: Ball
1-1: Grounds into double play, 5-4-3 (Groundball, 56)
Eduardo Gómez to third
Pinch Hitting: RHB Alberto Soto 0-0: Called Strike
0-1: Ball
1-1: Ball
2-1: Foul Ball, location: 2F
2-2: Ball
3-2: Fly out, F7 (Flyball, 7S)
Bottom of the 8th over - 2 runs, 3 hits, 0 errors, 1 left on base; Detroit 0 - Louisville 12
TOP OF THE 9TH
Detroit X-Wings batting - Pitching for Louisville Bats : LHP Ron Huggins
Now at 3B: Don Soper
Now in RF: Héctor Rentería
Batting: RHB José Pérez 0-0: Ball
1-0: Called Strike
1-1: Foul Ball, location: 2F
1-2: Foul Ball, location: 2F
1-2: Foul Ball, location: 2F
1-2: Ball
2-2: Strikes out swinging
Batting: SHB Javier Jiménez 0-0: Called Strike
0-1: Fly out, F9 (Flyball, 9)
Batting: SHB Barrett Bowden 0-0: Ball
1-0: Called Strike
1-1: Foul Ball, location: 2F
1-2: Foul Ball, location: 2F
1-2: Strikes out swinging
Top of the 9th over - 0 runs, 0 hits, 0 errors, 0 left on base; Detroit 0 - Louisville 12
Saturday, April 7th, 2018 - OOTP Baseball 18.8 Build 76